 Dungeon Crawl Stone Soup version 0.17-a0-1763-g847a857 (webtiles) character file.

1324 Eptagon the Martial Artist (level 8, -10/53 HPs)
             Began as an Octopode Transmuter on Sept 5, 2015.
             Was a Follower of Cheibriados.
             Mangled by an ice beast (11 damage)
             ... on level 6 of the Dungeon.
             The game lasted 00:13:17 (6177 turns).

Eptagon the Martial Artist (Octopode Transmuter)    Turns: 6177, Time: 00:13:17

Health: -10/53     AC:  1    Str: 13    XL:     8   Next: 60%
Magic:  11/11      EV: 13    Int: 18    God:    Cheibriados [*.....]
Gold:   288        SH:  0    Dex: 17    Spells: 1 memorised, 7 levels left

rFire  . . .     SeeInvis .       - Unarmed
rCold  . . .     Clarity  .     (no shield)
rNeg   . . .     SustAt   .     (helmet restricted)
rPois  .         Gourm    .     (no amulet)
rElec  .         Spirit   .     m - ring of protection from magic
rCorr  .         Warding  .     (no ring)
rMut   .         Stasis   .     (no ring)
MR     +....                    (no ring)
Stlth  +++.......               (no ring)
                                (no ring)
                                (no ring)
                                (no ring)

@: very slow, somewhat resistant to hostile enchantments, fairly stealthy
A: almost no armour, amphibious, 8 rings, constrict 8, camouflage 1, gelatinous
body 1
a: Bend Time, Renounce Religion


You were on level 6 of the Dungeon.
You worshipped Cheibriados.
Cheibriados was aware of your devotion.
You were not hungry.

You visited 2 branches of the dungeon, and saw 7 of its levels.

You collected 288 gold pieces.

Inventory:

Missiles
 g - 27 poisoned needles
 v - 4 poisoned tomahawks (quivered)
Jewellery
 m - a ring of protection from magic (left tentacle)
Magical devices
 p - a wand of frost (37)
 y - a wand of slowing (18)
Scrolls
 d - a scroll of enchant weapon
 e - 5 scrolls of remove curse
 i - 2 scrolls of amnesia
 n - a scroll of recharging
 t - a scroll of enchant armour {unknown}
 u - a scroll of magic mapping {unknown}
 z - a scroll of identify
Potions
 a - a potion of brilliance
 h - a potion of heal wounds
 j - 3 potions of magic
 l - a potion of agility
 q - 2 potions of cancellation
 r - a potion of flight
 s - 2 potions of curing
 w - a potion of invisibility
Books
 b - a book of Changes

   Spells                             Type                      Level
   a - Beastly Appendage              Transmutation                1
   b - Sticks to Snakes               Transmutation                2
   c - Spider Form                    Transmutation/Poison         3
   d - Ice Form                       Ice/Transmutation            4
   e - Blade Hands                    Transmutation                5
Comestibles
 c - 3 bread rations
 f - 3 meat rations
 x - 2 beef jerkies


   Skills:
 + Level 3.6 Fighting
 - Level 2.0 Dodging
 - Level 10.0 Unarmed Combat
 - Level 2.0 Spellcasting
 - Level 2.0 Transmutations


You had 7 spell levels left.
You knew the following spells:

 Your Spells              Type           Power        Failure   Level  Hunger
a - Ice Form              Ice/Trmt       #.......     93%         4    #####..


Dungeon Overview and Level Annotations

Branches:
Dungeon (6/15)             Temple (1/1) D:4

Altars:
Ashenzari
Cheibriados
Nemelex Xobeh
Xom
Zin


Innate Abilities, Weirdness & Mutations

You cannot wear most types of armour.
You are amphibious.
You can wear up to eight rings at the same time.
You can use your tentacles to constrict eight enemies at once.
Your skin changes colour to match your surroundings (Stealth).
Your rubbery body absorbs attacks (AC +1).


Message History

The ice beast closely misses you.
You barely miss the ice beast. You squeeze the ice beast!
The ice beast is almost dead.
The ice beast completely misses you.
You closely miss the ice beast.
You squeeze the ice beast, but do no damage.
The ice beast is almost dead.
You closely miss the ice beast.
The ice beast is almost dead.
The ice beast hits you. The ice beast freezes you!
* * * LOW HITPOINT WARNING * * *
You closely miss the ice beast.
The ice beast is almost dead.
The ice beast closely misses you.
You completely miss the ice beast.
The ice beast is almost dead.
The ice beast hits you.
* * * LOW HITPOINT WARNING * * *
The ice beast freezes you!
You die...

# #.h #..# # #.# ###
#..# #
..###########..# #
#.##...........#
#.##.########.##
#.##.########.#
#.............#
#.######.############
#...Y@...# ##########


You could see an ice beast.

Vanquished Creatures
  Grinder (D:4)
  Duvessa (D:4)
  A necrophage (D:6)
  An ogre (D:5)
  2 phantoms
  A giant frog (D:6)
  3 scorpions
  Dowan (D:4)
  3 hounds
  Crazy Yiuf (D:2)
  An iguana (D:4)
  An orc wizard (D:6)
  Terence (D:2)
  A worker ant (D:6)
  7 adders
  A shadow imp (D:6)
  An ooze (D:2)
  An adder zombie (D:6)
  3 worms
  7 giant geckos
  14 orcs
  A ball python (D:5)
  9 bats
  3 giant cockroaches
  7 goblins
  7 hobgoblins
  13 jackals
  4 giant newts
  A jackal zombie (D:5)
  9 kobolds
  A quokka (D:2)
  A quokka skeleton (D:6)
  11 rats
120 creatures vanquished.

Notes
Turn   | Place    | Note
--------------------------------------------------------------
     0 | D:1      | Eptagon the Octopode Transmuter began the quest for the Orb.
     0 | D:1      | Reached XP level 1. HP: 13/13 MP: 3/3
   383 | D:1      | Reached XP level 2. HP: 16/18 MP: 5/5
   891 | D:1      | Reached skill level 4 in Unarmed Combat
   899 | D:1      | Reached XP level 3. HP: 7/23 MP: 6/6
  2074 | D:2      | Reached XP level 4. HP: 28/28 MP: 7/7
  2213 | D:2      | Reached skill level 5 in Unarmed Combat
  2474 | D:2      | Noticed Terence
  2495 | D:2      | Killed Terence
  2698 | D:2      | Noticed Crazy Yiuf
  2704 | D:2      | Killed Crazy Yiuf
  2704 | D:2      | Reached XP level 5. HP: 8/33 MP: 8/8
  3239 | D:3      | Reached skill level 6 in Unarmed Combat
  3445 | D:3      | Found a sparkling altar of Nemelex Xobeh.
  3752 | D:4      | Reached XP level 6. HP: 31/38 MP: 9/9
  3824 | D:4      | Found a staircase to the Ecumenical Temple.
  3829 | Temple   | Entered the Ecumenical Temple
  3835 | Temple   | Became a worshipper of Cheibriados the Contemplative
  3852 | D:4      | Noticed Grinder
  3852 | D:4      | Noticed a phantom
  3872 | D:4      | Killed Grinder
  3872 | D:4      | Reached skill level 7 in Unarmed Combat
  3872 | D:4      | Reached XP level 7. HP: 41/43 MP: 10/10
  3883 | D:4      | Killed a phantom
  3883 | D:4      | Reached skill level 8 in Unarmed Combat
  3994 | D:4      | Noticed Dowan
  3995 | D:4      | Noticed Duvessa
  4005 | D:4      | Killed Dowan
  4041 | D:4      | Killed Duvessa
  4513 | D:5      | Entered Level 5 of the Dungeon
  4723 | D:5      | Reached skill level 9 in Unarmed Combat
  5162 | D:6      | Acquired Cheibriados's first power
  5290 | D:6      | Reached XP level 8. HP: 42/48 MP: 11/11
  5326 | D:6      | Found a glowing silver altar of Zin.
  5326 | D:6      | Noticed an angel
  5328 | D:6      | Found a shimmering altar of Xom.
  5953 | D:6      | Reached skill level 10 in Unarmed Combat
  5961 | D:6      | Learned a level 4 spell: Ice Form
  6177 | D:6      | HP: 1/53 [ice beast (4)]
  6177 | D:6      | Mangled by an ice beast

Vault maps used:
D:1:      eino_arrival_water_star
D:2:      uniq_crazy_yiuf_cottage, uniq_terence
D:3:      nemelex_deck
D:4:      minmay_temple_entry_grid, first_bread, uniq_duvessa, uniq_grinder
D:5:      kennysheep_generic_room_3
D:6:      grunt_temple_overflow_order_and_chaos_1,
          gammafunk_temple_overflow_elements
Temple:   water_room_temple_a_12

Action                   |  1- 3 |  4- 6 |  7- 9 || total
-------------------------+-------+-------+-------++-------
Melee: Unarmed           |   101 |   105 |   139 ||   345
Throw: Tomahawk          |       |       |     1 ||     1
Evoke: Wand              |       |       |     2 ||     2
  Use: Scroll            |     2 |     8 |     6 ||    16
       Potion            |       |     3 |     1 ||     4
 Stab: Sleeping          |     5 |     7 |     8 ||    20
       Distracted        |       |     1 |       ||     1
  Eat: Chunk             |     4 |     5 |     7 ||    16
